 Dungeon Crawl Stone Soup version 0.23.1 (webtiles) character file.

Game seed: 14465202137512028796

585 Borgoz the Cutter (level 7, -2/60 HPs)
             Began as a Ghoul Monk on Mar 17, 2019.
             Slain by a leopard gecko (4 damage)
             ... in the Ecumenical Temple.
             The game lasted 00:09:13 (4126 turns).

Borgoz the Cutter (Ghoul Monk)                      Turns: 4126, Time: 00:09:14

Health: -2/60      AC: 10    Str: 13 (15) XL:     7   Next: 37%
Magic:  6/6        EV:  7    Int: 10 (12) God:
Gold:   251        SH:  0    Dex: 10 (11) Spells: 6/6 levels left

rFire    . . .     SeeInvis .   a - +0 short sword
rCold    + . .     Gourm    .   (no shield)
rNeg     + + +     Faith    .   d - +0 chain mail
rPois    ∞         Spirit   .   (no helmet)
rElec    .         Reflect  .   (no cloak)
rCorr    .         Harm     .   m - +0 pair of gloves (curse)
MR       .....                  (no boots)
Stlth    ..........             (no amulet)
HPRegen  0.00/turn              (no ring)
MPRegen  0.10/turn              (no ring)

@: brilliant, rotting
A: rotting body, claws 1, carnivore, cold resistance 1, negative energy
resistance 3, inhibited regeneration, torment resistance, unbreathing
a: no special abilities


You were in the Ecumenical Temple.
You were not hungry.

You visited 2 branches of the dungeon, and saw 6 of its levels.

You collected 251 gold pieces.

Inventory:

Hand Weapons
 a - a +0 short sword (weapon)
Missiles
 f - 5 tomahawks (quivered)
Armour
 d - a +0 chain mail (worn)
 m - a cursed +0 pair of gloves (worn)
Scrolls
 g - a scroll of fog
 h - 3 scrolls of identify {unknown}
 i - 4 scrolls of remove curse {unknown}
 j - 3 scrolls of teleportation {unknown}
 o - a scroll of magic mapping {unknown}
Comestibles
 c - 9 rations


   Skills:
 + Level 4.3 Fighting
 * Level 4.4 Short Blades
 * Level 3.2 Armour
 * Level 4.4 Dodging
 + Level 3.7 Stealth


You had 6 spell levels left.
You didn't know any spells.
Your spell library was empty.

Dungeon Overview and Level Annotations

Branches:
Dungeon (5/15)             Temple (1/1) D:4

Altars:
Elyvilon
Kikubaaqudgha
Uskayaw

Shops:
D:5 ?

Annotations:
D:3 3 runed translucent doors, Yunesin's ghost, amateur OpBe


Innate Abilities, Weirdness & Mutations

Your body is rotting away.
You thrive on raw meat.
You are immune to poison.
You have sharp fingernails.
You are carnivorous and can eat meat at any time.
Your flesh is cold resistant. (rC+)
You are immune to negative energy. (rN+++)
You do not regenerate when monsters are visible.
You are immune to unholy pain and torment.
You can survive without breathing.


Message History

* * * LOW HITPOINT WARNING * * *
The orc priest looks braver for a moment.
You closely miss the orc priest.
The orc priest is severely wounded.
The leopard gecko bites you but does no damage.
You hit the orc priest but do no damage.
The orc priest is severely wounded.
The orc priest barely misses you. The leopard gecko barely misses you.
You completely miss the orc priest.
The orc priest is severely wounded.
The orc priest barely misses you.
The leopard gecko bites you but does no damage.
You hit the orc priest but do no damage.
The orc priest is severely wounded.
The leopard gecko bites you but does no damage.
The orc priest barely misses you.
Your chain mail prevents you from hitting the orc priest.
The orc priest is severely wounded.
The leopard gecko bites you.
You die...

...# .. .. .
#.#. #. .. . ..
...# ..#. .. ..
... .#. .#. .
#.#.. .. _..#
#..#...#.#...
..........#.#..
.......@l......
..#.#..o.......
...#.#...#..#
#.._ .. ..#.# .
.#. .#. ... ..
.. .#.. #... ..
. .. .# .#.# .
.. .. #...


You could see an orc priest and a leopard gecko.

Vanquished Creatures
  An ogre (D:4)
  2 scorpions (D:4)
  A bullfrog skeleton (D:4)
  A hound (D:4)
  A worker ant (D:5)
  Terence (D:2)
  2 orc wizards (D:4)
  8 adders
  4 gnolls (D:3)
  2 worms
  13 dart slugs
  2 leopard geckos (D:3)
  15 orcs
  6 bats
  6 giant cockroaches
  6 goblins
  4 hobgoblins
  3 jackals (D:2)
  5 kobolds
  2 quokkas (D:2)
  5 frilled lizards
  A jackal skeleton (D:4)
  A leopard gecko skeleton (D:4)
  2 rats
94 creatures vanquished.

Notes
Turn   | Place    | Note
-------+----------+-------------------------------------------
     0 | D:1      | Borgoz the Ghoul Monk began the quest for the Orb.
     0 | D:1      | Reached XP level 1. HP: 19/19 MP: 0/0
   253 | D:1      | Reached XP level 2. HP: 25/26 MP: 1/1
   714 | D:2      | Reached XP level 3. HP: 24/31 MP: 2/2
   961 | D:2      | Reached skill level 1 in Armour
  1102 | D:2      | Reached XP level 4. HP: 24/38 MP: 3/3
  1133 | D:2      | Noticed Terence
  1173 | D:2      | Killed Terence
  1882 | D:2      | Reached XP level 5. HP: 35/42 MP: 4/4
  2151 | D:3      | Found a runed translucent gate.
  2151 | D:3      | Found a runed translucent gate.
  2151 | D:3      | Found a runed translucent gate.
  2378 | D:3      | Noticed Yunesin's ghost (amateur OpBe)
  2843 | D:4      | Reached XP level 6. HP: 37/52 MP: 5/5
  2852 | D:4      | Found a glowing drain.
  3120 | D:4      | Found an ancient bone altar of Kikubaaqudgha.
  3124 | D:5      | Entered Level 5 of the Dungeon
  3146 | D:5      | Reached XP level 7. HP: 12/59 MP: 6/6
  3531 | D:5      | Found Wileus's Magic Scroll Shop.
  4071 | D:4      | Found a staircase to the Ecumenical Temple.
  4080 | Temple   | Entered the Ecumenical Temple
  4112 | Temple   | HP: 3/60 [orc priest/+0 flail (1)]
  4121 | Temple   | HP: 2/60 [leopard gecko (1)]
  4126 | Temple   | Slain by a leopard gecko

Skill      XL: |  1  2  3  4  5  6  7 |
---------------+----------------------+-----
Dodging        | 3 4 |  4.4
Short Blades   | 3 4 |  4.4
Armour         | 1 2 3 |  3.2
Stealth        | 3 |  3.7
Fighting       | 4 |  4.3

Action                   |  1- 3 |  4- 6 |  7- 9 || total
-------------------------+-------+-------+-------++-------
Melee: Short sword       |   174 |   470 |   132 ||   776
  Use: Scroll            |       |     2 |       ||     2
       Potion            |       |     7 |     2 ||     9
  Eat: Chunk             |     8 |    28 |     4 ||    40
Armor: Chain mail        |   146 |   294 |    81 ||   521
       Robe              |     1 |       |       ||     1
Dodge: Dodged            |    78 |   187 |    61 ||   326
